 Dungeon Crawl Stone Soup version 0.28.0 (webtiles) character file.

Game seed: 12261355339792761648

0 belegose the Skirmisher (level 1, -3/23 HPs)
             Began as a Gnoll Wanderer on Feb 7, 2022.
             Slain by a hobgoblin (4 damage)
             ... on level 1 of the Dungeon.
             The game lasted 00:00:28 (19 turns).

belegose the Skirmisher (Gnoll Wanderer)              Turns: 19, Time: 00:00:29

Health: -3/23      AC:  2    Str: 11    XL:     1   Next: 0%
Magic:  6/6        EV: 11    Int: 12    God:
Gold:   0          SH:  0    Dex: 10    Spells: 9/9 levels left

rFire   . . .      SeeInvis .   a - +0 club
rCold   . . .      Faith    .   (no shield)
rNeg    . . .      Spirit   .   b - +0 robe
rPois   .          Reflect  .   (no helmet)
rElec   .          Harm     .   (no cloak)
rCorr   .          Rampage  .   (no gloves)
Will    .....                   (no boots)
Stlth   ++........              (no amulet)
HPRegen 0.07/turn               (no ring)
MPRegen 0.10/turn               (no ring)

@: no status effects
A: fangs 1, strong nose, distributed training
a: no special abilities


You were on level 1 of the Dungeon.
You visited 1 branch of the dungeon, and saw 1 of its levels.

Inventory:

Hand Weapons
 a - a +0 club (weapon)
Armour
 b - a +0 robe (worn)
Scrolls
 c - a scroll of fog


   Skills:
 + Level 6.4 Fighting
 + Level 0.0 Short Blades
 + Level 0.0 Long Blades
 + Level 0.0 Axes
 + Level 0.0 Maces & Flails
 + Level 0.0 Polearms
 + Level 0.0 Staves
 + Level 0.0 Slings
 + Level 0.0 Bows
 + Level 0.0 Crossbows
 + Level 0.0 Throwing
 + Level 0.0 Armour
 + Level 0.0 Dodging
 + Level 2.1 Stealth
 + Level 0.0 Shields
 + Level 0.0 Unarmed Combat
 + Level 4.8 Spellcasting
 + Level 0.0 Conjurations
 + Level 0.0 Hexes
 + Level 0.0 Summonings
 + Level 0.0 Necromancy
 + Level 0.0 Translocations
 + Level 0.0 Transmutations
 + Level 0.0 Fire Magic
 + Level 0.0 Ice Magic
 + Level 1.9 Air Magic
 + Level 0.0 Earth Magic
 + Level 3.6 Poison Magic
 + Level 0.0 Invocations
 + Level 2.3 Evocations


You had 9 spell levels left.
You didn't know any spells.
Your spell library contained the following spells:

 Spells                   Type           Power      Damage    Failure   Level
 Sting                    Tmut/Pois      28%        1d4       10%         1
 Poisonous Vapours        Pois/Air       18%        N/A       10%         2
 Shock                    Conj/Air       20%        1d4       14%         1
 Mephitic Cloud           Conj/Pois/Air  7%         N/A       28%         3
 Olgreb's Toxic Radiance  Pois           11%        N/A       41%         4


Dungeon Overview and Level Annotations

Branches:
Dungeon (1/15)

Altars:


Innate Abilities, Weirdness & Mutations

You have very sharp teeth.
Your uncanny sense of smell can sniff out nearby items.
Your experience applies equally to all skills.


Message History

A dart slug comes into view.
A hobgoblin comes into view.
There is an open door here.
There is a staircase leading out of the dungeon here.
You open the door.
Found a short sword.
There is an open door here.
The hobgoblin hits you.
There is a staircase leading out of the dungeon here.
You completely miss the hobgoblin. The hobgoblin misses you.
You closely miss the hobgoblin. The hobgoblin hits you.
You closely miss the hobgoblin. The hobgoblin barely misses you.
The hobgoblin closely misses you.
You completely miss the hobgoblin. The hobgoblin closely misses you.
You hit the dart slug.
You bite the dart slug, but do no damage.
The dart slug is lightly wounded.
The hobgoblin hits you. The dart slug launches a dart at you.
The slug dart hits you.
You hit the dart slug.
The dart slug is heavily wounded.
The hobgoblin hits you. The dart slug barely misses you.
The hobgoblin hits you.
* * * LOW HITPOINT WARNING * * *
You hit the dart slug but do no damage.
The dart slug is heavily wounded.
The hobgoblin hits you.
* * * LOW HITPOINT WARNING * * *
The dart slug closely misses you.
You hit the dart slug.
The dart slug is almost dead.
The hobgoblin misses you. The dart slug launches a dart at you.
The slug dart misses you.
The slug dart misses the hobgoblin.
The slug dart hits the hobgoblin.
You hit the dart slug.
You kill the dart slug!
The hobgoblin hits you.
You die...

.........
........#
........#
........# #
...(....# #.#
..w.....###...#
........g...#
.......#g#..#
######.#@# .#
#.#†# .#
#........# ∆
........)..#
#####.......#
##.....##
#.....# .......
.......#


You could see 2 hobgoblins.

Vanquished Creatures
  A dart slug (D:1)
1 creature vanquished.

Notes
Turn   | Place    | Note
-------+----------+-------------------------------------------
     0 | D:1      | belegose the Gnoll Wanderer began the quest for the Orb.
     0 | D:1      | belegose set off with the following items: a +0 club, a +0
                  | robe, a scroll of fog; and the following spells available
                  | to memorise: Sting, Poisonous Vapours, Shock, Mephitic
                  | Cloud, Olgreb's Toxic Radiance
     0 | D:1      | Reached XP level 1. HP: 23/23 MP: 6/6
    17 | D:1      | HP: 1/23 [hobgoblin (3)]
    19 | D:1      | Slain by a hobgoblin

Illustrated notes

Levels and vault maps discovered:
D:1:      dpeg_arrival_tiny_d, layout_rooms, basic_ecumenical_altar,
          minivault_23, minmay_tromino_i4

Action                   || total
-------------------------++-------
Melee: Club              ||     9
       Bite              ||     1
Dodge: Dodged            ||     8
